 Dungeon Crawl Stone Soup version 0.21.1-1-g345015f (webtiles) character file.

63 garbagetei the Digger (level 4, -1/35 HPs)
             Began as a Ghoul Earth Elementalist on Feb 6, 2018.
             Slain by a worker ant (7 damage)
             ... on level 3 of the Dungeon.
             The game lasted 00:03:11 (2039 turns).

garbagetei the Digger (Ghoul Earth Elementalist)    Turns: 2039, Time: 00:03:12

Health: -1/35      AC:  2    Str: 11    XL:     4   Next: 10%
Magic:  1/6        EV: 11    Int: 11    God:
Gold:   87         SH:  3    Dex:  9    Spells: 6/7 levels left

rFire    . . .     SeeInvis .   l - +1 whip (elec)
rCold    + . .     Gourm    .   k - +0 buckler (curse)
rNeg     + + +     Faith    .   c - +0 robe
rPois    ∞         Spirit   .   (no helmet)
rElec    .         Reflect  .   (no cloak)
rCorr    .         Harm     .   (no gloves)
MR       .....                  (no boots)
Stlth    ++........             (no amulet)
HPRegen  0.00/turn              (no ring)
MPRegen  0.10/turn              (no ring)

@: rotting
A: rotting body, claws 1, carnivore, cold resistance 1, negative energy
resistance 3, inhibited regeneration, torment resistance, unbreathing
a: no special abilities


You were on level 3 of the Dungeon.
You were not hungry.

You visited 1 branch of the dungeon, and saw 3 of its levels.

You collected 87 gold pieces.

Inventory:

Hand Weapons
 l - a +1 whip of electrocution (weapon)
Missiles
 b - 24 stones (quivered)
Armour
 c - a +0 robe (worn)
 k - a cursed +0 buckler (worn)
Scrolls
 f - a scroll of amnesia {unknown}
 g - a scroll of magic mapping {unknown}
 h - a scroll of random uselessness {unknown}
 i - 3 scrolls of identify {unknown}
 j - a scroll of immolation {unknown}
 o - a scroll of teleportation {unknown}
Potions
 a - a potion of curing {unknown}
 n - a potion of agility {unknown}
Books
 e - a book of Geomancy

   Spells                             Type                      Level
   a - Sandblast                      Earth                        1
   b - Passwall                       Transmutation/Earth          2
   c - Stone Arrow                    Conjuration/Earth            3
   d - Petrify                        Transmutation/Earth          4
   e - Lee's Rapid Deconstruction     Earth                        5
Comestibles
 d - 4 rations
 m - a chunk of flesh


   Skills:
 + Level 1.2 Fighting
 + Level 2.1 Dodging
 - Level 2.1 Stealth
 * Level 1.1 Shields
 * Level 2.3 Spellcasting
   Level 0.8 Transmutations
 * Level 4.0 Earth Magic


You had 6 spell levels left.
You knew the following spells:

 Your Spells              Type           Power        Failure   Level  Hunger
a - Sandblast             Erth           ##....       8%          1    ##.....


Dungeon Overview and Level Annotations

Branches:
Dungeon (3/15)

Altars:
Fedhas


Innate Abilities, Weirdness & Mutations

Your body is rotting away.
You thrive on raw meat.
You are immune to poison.
You have sharp fingernails.
You are carnivorous and can eat meat at any time.
Your flesh is cold resistant. (rC+)
You are immune to negative energy. (rN+++)
You do not regenerate when monsters are visible.
You are immune to unholy pain and torment.
You can survive without breathing.


Message History

You don't have enough magic to cast that spell.
Unknown command.
You barely miss the worker ant.
The worker ant is severely wounded.
The worker ant bites you but does no damage.
The worker ant bites you!
You barely miss the worker ant.
The worker ant is severely wounded.
The worker ant bites you.
You closely miss the worker ant.
The worker ant is severely wounded.
The worker ant bites you.
You closely miss the worker ant.
The worker ant is severely wounded.
The worker ant bites you.
* * * LOW HITPOINT WARNING * * *
You closely miss the worker ant.
The worker ant is severely wounded.
The worker ant closely misses you. The worker ant bites you!
You die...

#
.##
#.#
#..
#.#
#<#
#<#
#.#
#@#
#a#
#.#
#.#
#.#
..#
###


You could see a worker ant.

Vanquished Creatures
  3 adders (D:2)
  A worm (D:2)
  2 dart slugs (D:1)
  3 leopard geckos
  A ball python (D:1)
  A giant cockroach (D:2)
  3 goblins
  A hobgoblin (D:1)
  5 kobolds
  3 bats
  3 frilled lizards
  4 rats
30 creatures vanquished.

Notes
Turn   | Place    | Note
-------+----------+-------------------------------------------
     0 | D:1      | garbagetei the Ghoul Earth Elementalist began the quest for the Orb.
     0 | D:1      | Reached XP level 1. HP: 14/14 MP: 2/2
   331 | D:1      | Reached XP level 2. HP: 16/21 MP: 4/4
  1311 | D:2      | Found a blossoming altar of Fedhas.
  1350 | D:2      | Reached XP level 3. HP: 27/27 MP: 2/5
  1375 | D:2      | Reached skill level 1 in Fighting
  1489 | D:2      | Reached skill level 1 in Shields
  1532 | D:2      | Reached XP level 4. HP: 9/35 MP: 1/6
  1915 | D:2      | Reached skill level 4 in Earth Magic
  2039 | D:3      | Slain by a worker ant

Skill      XL: |  1  2  3  4 |
---------------+-------------+-----
Spellcasting   | 2 |  2.3
Dodging        | 2 |  2.1
Fighting       | 1 |  1.2
Shields        | 1 |  1.1
Earth Magic    | 4 |  4.0
Stealth        | |  2.1
Transmutations | |  0.8

Action                   |  1- 3 |  4- 6 || total
-------------------------+-------+-------++-------
Melee: Unarmed           |    37 |       ||    37
       Whip              |    49 |    13 ||    62
 Cast: Sandblast         |    18 |    10 ||    28
 Stab: Sleeping          |     5 |       ||     5
  Eat: Chunk             |    10 |     2 ||    12
Armor: Robe              |    14 |     3 ||    17
Dodge: Dodged            |    53 |    20 ||    73
Block: Buckler           |     7 |     3 ||    10
